General information
- name: BNet
- type: Ladder 1vs1/FFA
- host: Battle.net
- saver: BEAR_AND
map: GnollWood
- players: 2
- length: 34:02
- speed: Fast
- version: 1.26 W3XP
- replay type:

» download(134 KB)
Players
team 1 (winner)
BEAR_AND (
green | 161 APM | 5471 actions | 34:02)
5 Archmage
3 Blizzard
2 Brilliance Aura
5 Mountain King
3 Storm Bolt
2 Bash
5 Paladin
3 Holy Light
2 Divine Shield
» actions
| Assign group hotkey | 29 | |
| Basic commands | 18 | |
| Build / train | 135 | |
| Enter build submenu | 58 | |
| Enter hero's abilities submenu | 17 | |
| Give item / drop item | 4 | |
| Remove unit from queue | 2 | |
| Right click | 2964 | |
| Select / deselect | 725 | |
| Select group hotkey | 1205 | |
| Use ability | 314 | |
5471 total
» units
| Peasant | 19 | |
| Priest | 1 | |
| Dragonhawk Rider | 6 | |
| Gryphon Rider | 11 | |
| Sorceress | 1 | |
38 total
» upgrades
| Swords | 3 | |
| Magic Sentry | 1 | |
| Priest Training | 1 | |
| Masonry | 3 | |
| Cloud | 1 | |
| Animal War Training | 1 | |
| Lumber Harvesting | 3 | |
| Storm Hammers | 1 | |
| Backpack | 1 | |
| Armor | 2 | |
| Sorceress Training | 1 | |
18 total
» buildings
| Altar of Kings | 1 | |
| Farm | 10 | |
| Lumber Mill | 1 | |
| Scout Tower | 59 | |
| Arcane Vault | 1 | |
| Arcane Tower | 3 | |
| Guard Tower | 30 | |
| Keep | 1 | |
| Blacksmith | 1 | |
| Castle | 1 | |
| Arcane Sanctum | 1 | |
| Gryphon Aviary | 4 | |
| Barracks | 1 | |
| Town Hall | 3 | |
117 total
» build order
00:08 Altar of Kings
00:19 Farm
00:32 Farm
00:39 Lumber Mill
01:22 Scout Tower
01:37 Arcane Vault
01:47 Scout Tower
02:08 Arcane Tower
02:11 Scout Tower
02:26 Guard Tower
02:41 Scout Tower
03:04 Guard Tower
03:11 Keep
03:16 Guard Tower
04:26 Scout Tower
04:27 Scout Tower
04:28 Scout Tower
04:28 Scout Tower
04:40 Farm
04:41 Farm
05:20 Blacksmith
05:20 Guard Tower
05:28 Guard Tower
06:06 Guard Tower
06:11 Castle
06:20 Guard Tower
06:54 Arcane Sanctum
07:17 Scout Tower
07:42 Gryphon Aviary
07:52 Scout Tower
07:59 Arcane Tower
08:26 Farm
08:27 Farm
08:31 Guard Tower
09:43 Farm
11:41 Barracks
14:11 Scout Tower
14:12 Scout Tower
14:12 Scout Tower
14:13 Scout Tower
14:47 Guard Tower
15:48 Town Hall
15:51 Scout Tower
15:52 Scout Tower
15:52 Scout Tower
15:52 Scout Tower
15:53 Scout Tower
15:53 Scout Tower
16:04 Guard Tower
16:21 Scout Tower
16:22 Scout Tower
16:23 Scout Tower
16:24 Guard Tower
16:24 Guard Tower
16:24 Guard Tower
16:26 Arcane Tower
16:59 Guard Tower
17:50 Guard Tower
18:09 Guard Tower
19:08 Scout Tower
19:08 Scout Tower
19:09 Scout Tower
19:12 Scout Tower
19:12 Scout Tower
19:13 Scout Tower
19:13 Scout Tower
19:14 Scout Tower
19:14 Scout Tower
19:19 Scout Tower
19:19 Scout Tower
19:20 Scout Tower
19:20 Scout Tower
20:15 Guard Tower
20:20 Guard Tower
22:55 Scout Tower
22:56 Scout Tower
22:56 Scout Tower
22:57 Scout Tower
22:57 Scout Tower
22:59 Scout Tower
22:59 Scout Tower
23:00 Scout Tower
23:00 Scout Tower
23:01 Scout Tower
23:02 Scout Tower
23:02 Scout Tower
23:03 Scout Tower
23:22 Scout Tower
23:23 Scout Tower
23:24 Guard Tower
23:25 Guard Tower
23:26 Guard Tower
23:27 Guard Tower
23:28 Guard Tower
23:28 Guard Tower
23:37 Scout Tower
23:38 Scout Tower
24:03 Guard Tower
24:34 Guard Tower
24:59 Guard Tower
25:01 Scout Tower
25:02 Scout Tower
25:08 Town Hall
25:40 Gryphon Aviary
25:41 Gryphon Aviary
25:41 Gryphon Aviary
26:36 Scout Tower
26:37 Scout Tower
26:37 Scout Tower
26:37 Scout Tower
27:03 Farm
28:30 Farm
28:30 Farm
31:29 Town Hall
» items
| Scroll of Regeneration | 4 | |
| Lesser Clarity Potion | 5 | |
| Potion of Healing | 1 | |
| Staff of Sanctuary | 3 | |
| Boots of Speed | 3 | |
| Staff of Teleportation | 3 | |
| Potion of Lesser Invulnerability | 1 | |
20 total
team 2 (loser)
BigLewbowski (
purple | 71 APM | 2415 actions | 34:00)
5 Mountain King
3 Storm Bolt
2 Bash
4 Paladin
2 Holy Light
2 Devotion Aura
2 Archmage
1 Summon Water Elemental
1 Brilliance Aura
» actions
| Basic commands | 1 | |
| Build / train | 106 | |
| Enter build submenu | 43 | |
| Enter hero's abilities submenu | 11 | |
| Remove unit from queue | 3 | |
| Right click | 1063 | |
| Select / deselect | 1093 | |
| Use ability | 95 | |
2415 total
» units
| Peasant | 22 | |
| Footman | 5 | |
| Priest | 11 | |
| Dragonhawk Rider | 4 | |
| Knight | 8 | |
| Rifleman | 12 | |
62 total
» upgrades
| Lumber Harvesting | 1 | |
| Priest Training | 2 | |
| Cloud | 1 | |
| Swords | 1 | |
| Long Rifles | 1 | |
| Gunpowder | 3 | |
| Animal War Training | 1 | |
| Plating | 1 | |
| Armor | 2 | |
13 total
» buildings
| Farm | 12 | |
| Altar of Kings | 1 | |
| Lumber Mill | 1 | |
| Barracks | 2 | |
| Scout Tower | 14 | |
| Guard Tower | 12 | |
| Keep | 1 | |
| Arcane Sanctum | 2 | |
| Castle | 1 | |
| Town Hall | 5 | |
| Gryphon Aviary | 2 | |
| Arcane Vault | 1 | |
| Blacksmith | 1 | |
55 total
» build order
00:21 Farm
00:37 Altar of Kings
01:02 Farm
01:25 Lumber Mill
01:39 Farm
02:06 Barracks
02:16 Farm
02:40 Scout Tower
03:14 Guard Tower
03:17 Scout Tower
03:22 Barracks
03:39 Scout Tower
04:00 Guard Tower
04:10 Scout Tower
04:12 Guard Tower
04:17 Scout Tower
04:29 Guard Tower
04:36 Scout Tower
04:50 Scout Tower
04:59 Guard Tower
05:19 Keep
05:32 Guard Tower
06:09 Scout Tower
06:23 Guard Tower
06:28 Scout Tower
06:34 Scout Tower
06:47 Guard Tower
06:53 Scout Tower
07:03 Guard Tower
07:18 Guard Tower
07:21 Scout Tower
07:37 Scout Tower
07:39 Scout Tower
07:48 Arcane Sanctum
08:09 Guard Tower
08:25 Guard Tower
08:43 Arcane Sanctum
10:22 Farm
10:25 Farm
10:44 Castle
11:04 Farm
12:17 Town Hall
12:43 Gryphon Aviary
12:46 Gryphon Aviary
13:13 Arcane Vault
13:25 Blacksmith
13:38 Farm
14:16 Farm
15:38 Farm
16:20 Farm
19:41 Town Hall
19:56 Farm
28:02 Town Hall
28:24 Town Hall
32:33 Town Hall
Chat log
(00:50 / All) BEAR_AND: hi
(01:12 / All) BEAR_AND: i'm drinking "Guilty Men", a malvoire from southern ontario
(31:04 / All) BEAR_AND: brb pls
(31:18 / All) BEAR_AND: ty
(32:03 / All) BEAR_AND: gg
(32:06 / All) BEAR_AND: http://highper.ch/
(33:03 / All) BEAR_AND: gg